Map: Stargazers

Players

Prakseda

  • Race: Zerg Zerg
  • League: Bronze
  • Spawn Location: 11:00

taur - Winner!

  • Race: Terran Terran
  • League: Bronze
  • Spawn Location: 1:00

VOD

Have the link to the VOD?

Description

Time

  • Played on: Nov. 12, 2022, 5:08 p.m.
  • Length: 4:29
Show
View Real Time Build Order
Export as new Build Order

Prakseda Zerg 

Build Orders: Hatch First 

Get SALT Encoding   

  12  0:00  Drone  
  13  0:12  Overlord  
  13  0:16  Drone  
  14  0:31  Drone x2  
  16  0:52  Hatchery  
  16  0:55  Drone  
  16  1:08  Spawning Pool  
  16  1:10  Extractor  
  14  1:12  Drone  
  15  1:18  Drone  
  15  1:20  Drone  
  15  1:25  Drone  
  18  1:35  Drone  
  19  1:45  Overlord  
  19  1:54  Queen  
  19  1:55  Zergling x2  
  22  2:08  Drone  
  23  2:09  Queen  
  23  2:10  Drone  
  26  2:16  Metabolic Boost  
  26  2:18  Drone  
  26  2:20  Drone  
  28  2:27  Zergling x2  
  29  2:31  Zergling x2  
  29  2:36  Drone  
  31  2:58  Drone x4  
  35  3:01  Overlord  
  35  3:13  Overlord  
  35  3:21  Spore Crawler, Roach Warren  
  35  3:26  Zergling x6  
  36  3:32  Zergling x6  
  36  3:33  Zergling x2  
  34  3:35  Zergling x2  
  34  3:38  Zergling x2  
  34  3:39  Zergling x2  
  29  3:48  Zergling x4  
  21  4:03  Roach x4  
  21  4:09  Zergling x2  
Show
View Real Time Build Order
Export as new Build Order

taur Terran - Winner!

Build Orders:  

Get SALT Encoding   

  12  0:12  Supply Depot  
  12  0:37  SCV  
  13  0:46  Barracks  
  13  0:47  Barracks  
  13  1:02  Barracks  
  13  1:17  SCV, Supply Depot  
  14  1:39  Barracks  
  14  1:40  Marine  
  14  1:43  Marine  
  16  1:51  Marine  
  17  1:58  Marine  
  18  2:09  Marine  
  18  2:11  Marine  
  20  2:16  Marine  
  21  2:24  Supply Depot  
  21  2:29  Marine  
  22  2:30  Marine  
  22  2:34  Marine  
  24  2:47  Marine  
  24  2:48  Marine  
  26  2:52  Marine  
  26  3:05  Marine x2  
  27  3:06  Marine  
  27  3:09  Marine  
  30  3:22  Marine  
  30  3:23  Marine x2  
  31  3:41  Marine  
  31  3:48  Marine x3  
  31  4:06  Marine x3  
Tags
 
Matchup
TvZ
Spawn Locations
Close Positions
Add a new tag
Caveats
  • Supply blocks, unpowered buildings, or Contaminate may cause inaccurate times.
  • Supply counts are checked every 10 seconds.